 Dungeon Crawl Stone Soup version 0.19.1 (webtiles) character file.

8103 lorenzova the Thaumaturge (level 11, -6/54 HPs)
             Began as a Deep Elf Conjurer on Dec 1, 2016.
             Was a High Priest of Vehumet.
             Mangled by TotoDurand's ghost (16 damage)
             ... on level 10 of the Dungeon on Dec 2, 2016.
             The game lasted 00:33:19 (12522 turns).

lorenzova the Thaumaturge (Deep Elf Conjurer)      Turns: 12522, Time: 00:33:20

Health: -6/54      AC: 11    Str:  5    XL:     11   Next: 5%
Magic:  1/31       EV: 10    Int: 29    God:    Vehumet [*****.]
Gold:   490        SH:  0    Dex: 15    Spells: 4 memorised, 23 levels left

rFire  . . .     SeeInvis +     P - +9 hand axe of Earthquakes {speed, *Drain rN++ Int+5}
rCold  . . .     Gourm    .     O - +3 ring mail {rPois}
rNeg   + + .     Faith    .     (no shield)
rPois  +         Spirit   .     r - +2 helmet
rElec  .         Reflect  .     (no cloak)
rCorr  .         Harm     .     (no gloves)
MR     +....                    (no boots)
Stlth  +.........               (no amulet)
                                (no ring)
                                y - ring of see invisible

@: no status effects
A: no striking features
a: Renounce Religion


You were on level 10 of the Dungeon.
You worshipped Vehumet.
Vehumet was extremely pleased with you.
You were not hungry.

You visited 2 branches of the dungeon, and saw 11 of its levels.
You also visited: Bailey.

You collected 490 gold pieces.

Inventory:

Hand Weapons
 P - the +9 hand axe of Earthquakes (weapon) {speed, *Drain rN++ Int+5}
   (You found it on level 8 of the Dungeon)

   Attacks with this weapon are significantly faster.
   It affects your intelligence (+5).
   It greatly protects you from negative energy.
   It causes draining when unequipped.
Armour
 r - a +2 helmet (worn)
 O - a +3 ring mail of poison resistance (worn)
Magical Staves
 x - an uncursed staff of poison
Rods
 n - a +0 rod of shadows (12/12)
   (You found it on level 7 of the Dungeon)
Jewellery
 y - a ring of see invisible (left hand)
Wands
 E - a wand of teleportation (6/9)
 N - a wand of disintegration (7/24)
Scrolls
 a - a scroll of identify
 h - 2 scrolls of immolation
 i - 5 scrolls of amnesia
 m - a scroll of recharging {unknown}
 q - 4 scrolls of enchant weapon
 t - a scroll of remove curse
 u - a scroll of enchant armour {unknown}
 v - a scroll of noise {unknown}
 z - 2 scrolls of teleportation {unknown}
 A - 3 scrolls of fog {unknown}
 C - a scroll of fear {unknown}
 H - 2 scrolls of blinking {unknown}
 L - a scroll of random uselessness {unknown}
Potions
 d - a potion of invisibility
 e - 2 potions of cure mutation
 f - 2 potions of heal wounds
 g - 12 potions of curing
 j - a potion of haste {unknown}
 k - 2 potions of brilliance {unknown}
 l - a potion of flight {unknown}
 p - a potion of mutation {unknown}
 s - a potion of might {unknown}
 w - 2 potions of agility {unknown}
 F - 2 potions of lignification {unknown}
Books
 b - a book of Conjurations

   Spells                             Type                      Level
   a - Magic Dart                     Conjuration                  1
   b - Searing Ray                    Conjuration                  2
   c - Dazzling Spray                 Conjuration/Hexes            3
   d - Fulminant Prism                Conjuration/Hexes            4
   e - Iskenderun's Mystic Blast      Conjuration                  4
   f - Iskenderun's Battlesphere      Conjuration/Charms           5
 D - a book of Changes

   Spells                             Type                      Level
   a - Beastly Appendage              Transmutation                1
   b - Sticks to Snakes               Transmutation                2
   c - Spider Form                    Transmutation/Poison         3
   d - Ice Form                       Ice/Transmutation            4
   e - Blade Hands                    Transmutation                5
Comestibles
 c - 13 bread rations
 o - a royal jelly
 B - 11 fruits
 G - a slice of pizza
 J - 4 meat rations


   Skills:
 * Level 0.7 Armour
 * Level 2.8 Dodging
 - Level 2.4 Stealth
 + Level 14.1 Spellcasting
 + Level 12.4 Conjurations
 - Level 9.6 Charms


You had 23 spell levels left.
You knew the following spells:

 Your Spells              Type           Power        Failure   Level  Hunger
a - Magic Dart            Conj           ####         1%          1    None
b - Iskenderun's Battles  Conj/Chrm      ######..     1%          5    None
c - Iskenderun's Mystic   Conj           #######.     1%          4    None
f - Fireball              Conj/Fire      ######....   8%          5    None


Dungeon Overview and Level Annotations

Branches:
Dungeon (10/15)            Temple (1/1) D:4            Lair (0/6) D:8
    Orc: D:9-12

Altars:
Ashenzari
Cheibriados
Dithmenos
Elyvilon
Fedhas
Gozag
Hepliaklqana
Kikubaaqudgha
Makhleb
Nemelex Xobeh
Okawaru
Qazlal
Ru
Sif Muna
Trog
Uskayaw
Vehumet
Xom
Yredelemnul
Zin
The Shining One

Annotations:
D:10 TotoDurand's ghost, journeyman VSFi


Message History

TotoDurand's ghost is almost destroyed.
Your battlesphere fires!
The barrage of energy hits TotoDurand's ghost.
TotoDurand's ghost is almost destroyed.
TotoDurand's ghost hits you!
You are electrocuted!
Unknown command.
Casting: Magic Dart
Confirm with . or Enter, or press ? or * to list all spells.
Aiming: Magic Dart
Press: ? - help, Shift-Dir - straight line, f/p - TotoDurand's ghost
Aim: TotoDurand's ghost, wielding a weapon of electrocution (almost destroyed)
The magic dart hits TotoDurand's ghost.
TotoDurand's ghost is almost destroyed.
Your battlesphere fires!
The barrage of energy hits TotoDurand's ghost.
TotoDurand's ghost is almost destroyed.
TotoDurand's ghost hits you!
* * * LOW HITPOINT WARNING * * *
You are electrocuted!
You die...

#..# ###..#.# ..... ##.##
#..#.## ....# #..# #..##.#
....# #..# #.##### ....##
##.## #.# .....## ##..# #.#
......#####...## #.#
........##.....#########.#
............§...@........#
...............W..*......##
...............#########..##
................# ##..##
................## ##..#
.................# #.##
.................## ####
..................## ##.#
........†..........## #§##


You could see TotoDurand's ghost and a friendly battlesphere.

Vanquished Creatures
  2 trolls
  Grinder (D:5)
  A two-headed ogre (D:9)
  A hippogriff (D:9)
  A spriggan (D:9)
  A wyvern (D:7)
  The ghost of mmcf the Ruffian, an amateur DrTm (D:4)
  Grum (D:10)
  2 wargs (D:8)
  Menkaure (D:7)
  Edmund (D:5)
  A water moccasin (D:8)
  8 orc warriors
  2 sky beasts
  A black bear (D:7)
  The ghost of tognito the Chopper, an amateur MiBe of Trog (D:3)
  2 ice beasts
  2 necrophages
  2 phantoms
  7 centaurs
  4 ogres
  2 wolves (D:10)
  3 big kobolds (D:9)
  3 bullfrogs
  A wyvern skeleton (D:6)
  2 scorpions
  A water moccasin skeleton (D:7)
  14 killer bees
  A vampire bat (D:3)
  A wight (D:5)
  2 howler monkeys
  2 crimson imps (D:5)
  3 centaur zombies
  4 hounds
  A bullfrog zombie (D:6)
  7 orc priests
  2 gnoll shamans
  4 jellies
  12 orc wizards
  A centaur skeleton (D:7)
  2 bullfrog skeletons
  2 iguanas
  Ijyb (D:2)
  7 worker ants
  A hound zombie (D:8)
  A mummy (D:5)
  Robin (D:2)
  14 gnolls
  12 adders
  3 shadow imps
  An ooze (D:2)
  2 adder skeletons (D:8)
  7 worms
  4 dart slugs
  4 leopard geckos
  56 orcs
  4 bat skeletons (D:3)
  A bat zombie (D:3)
  5 giant cockroaches
  19 hobgoblins
  7 jackals
  35 kobolds
  4 quokkas
  12 bats
  10 frilled lizards
  A giant cockroach zombie (D:5)
  14 goblins
  A jackal skeleton (D:5)
  A jackal zombie (D:5)
  A leopard gecko skeleton (D:4)
  5 rats
347 creatures vanquished.

Notes
Turn   | Place    | Note
-------+----------+-------------------------------------------
     0 | D:1      | lorenzova the Deep Elf Conjurer began the quest for the Orb.
     0 | D:1      | Reached XP level 1. HP: 10/10 MP: 6/6
   196 | D:1      | Reached XP level 2. HP: 15/15 MP: 4/8
   408 | D:1      | Reached skill level 4 in Spellcasting
   797 | D:1      | Reached XP level 3. HP: 19/19 MP: 8/10
  1123 | D:2      | Found a blossoming altar of Fedhas.
  1308 | D:2      | Reached skill level 5 in Conjurations
  1337 | D:2      | Noticed Ijyb
  1346 | D:2      | Killed Ijyb
  1346 | D:2      | Reached XP level 4. HP: 24/24 MP: 1/12
  1352 | D:2      | Learned a level 4 spell: Iskenderun's Mystic Blast
  1670 | D:2      | Noticed Robin
  1740 | D:2      | Killed Robin
  1740 | D:2      | Reached skill level 5 in Spellcasting
  2776 | D:3      | Reached XP level 5. HP: 28/28 MP: 12/14
  2778 | D:3      | Found a deep blue altar of Sif Muna.
  3146 | D:3      | Noticed tognito's ghost (amateur MiBe)
  3222 | D:3      | Reached skill level 6 in Spellcasting
  3581 | D:3      | Noticed a phantom
  3618 | D:3      | Killed a phantom
  3618 | D:3      | Reached XP level 6. HP: 32/32 MP: 0/17
  3625 | D:3      | Learned a level 5 spell: Iskenderun's Battlesphere
  3954 | D:4      | Found a glowing golden altar of the Shining One.
  3998 | D:4      | Reached skill level 7 in Spellcasting
  3998 | D:4      | Reached skill level 1 in Charms
  4125 | D:4      | Found a shadowy altar of Dithmenos.
  4129 | D:4      | Found a stormy altar of Qazlal.
  4152 | D:4      | Noticed mmcf's ghost (amateur DrTm)
  4215 | D:3      | Killed tognito's ghost
  4215 | D:3      | Reached XP level 7. HP: 36/36 MP: 5/19
  4326 | D:3      | Found an ancient bone altar of Kikubaaqudgha.
  4683 | D:4      | Reached skill level 8 in Spellcasting
  4731 | D:4      | Killed mmcf's ghost
  5065 | D:4      | Found a sacrificial altar of Ru.
  5143 | D:4      | Found a staircase to the Ecumenical Temple.
  5256 | Temple   | Entered the Ecumenical Temple
  5315 | Temple   | Became a worshipper of Vehumet
  5433 | D:4      | Reached XP level 8. HP: 41/41 MP: 9/22
  5568 | D:5      | Entered Level 5 of the Dungeon
  5577 | D:5      | Noticed Grinder
  5585 | D:5      | Killed Grinder
  5585 | D:5      | Reached skill level 9 in Spellcasting
  5925 | D:5      | Noticed Edmund
  5940 | D:5      | Killed Edmund
  5940 | D:5      | Reached skill level 5 in Charms
  6059 | D:5      | Found a glowing silver altar of Zin.
  6355 | D:5      | Reached * piety under Vehumet
  6355 | D:5      | Offered knowledge of Freeze by Vehumet.
  6403 | D:5      | Reached skill level 10 in Spellcasting
  6945 | D:5      | Reached XP level 9. HP: 45/45 MP: 15/25
  7246 | D:5      | Found a snail-covered altar of Cheibriados.
  7660 | D:6      | Offered knowledge of Throw Flame by Vehumet.
  7660 | D:6      | Reached skill level 11 in Spellcasting
  7694 | D:6      | Found a burning altar of Makhleb.
  7737 | D:6      | Reached ** piety under Vehumet
  7981 | D:6      | Reached skill level 10 in Conjurations
  8824 | D:7      | Reached skill level 12 in Spellcasting
  8967 | D:7      | Noticed Menkaure
  8969 | D:7      | Killed Menkaure
  9060 | D:7      | Reached XP level 10. HP: 50/50 MP: 21/28
  9115 | D:7      | Found a snail-covered altar of Cheibriados.
  9220 | D:7      | Offered knowledge of Mephitic Cloud by Vehumet.
  9804 | D:7      | Reached *** piety under Vehumet
 10052 | D:8      | Found an iron altar of Okawaru.
 10122 | D:8      | Offered knowledge of Conjure Flame by Vehumet.
 10406 | D:8      | Found a flagged portal.
 10414 | D:8      | Got a slimy hand axe
 10417 | Bailey   | Entered a bailey
 10419 | Bailey   | Identified the +9 hand axe of Earthquakes {speed, *Drain rN++ Int+5} (You found it on level 8 of the Dungeon)
 10663 | Bailey   | Found a bloodstained altar of Trog.
 10992 | D:8      | Found a staircase to the Lair.
 10996 | D:8      | Reached skill level 13 in Spellcasting
 11166 | D:8      | Reached **** piety under Vehumet
 11569 | D:9      | Offered knowledge of Yara's Violent Unravelling by Vehumet.
 11982 | D:9      | Reached skill level 14 in Spellcasting
 12123 | D:10     | Entered Level 10 of the Dungeon
 12150 | D:10     | Noticed Grum
 12152 | D:10     | Killed Grum
 12156 | D:10     | Reached XP level 11. HP: 54/54 MP: 5/31
 12270 | D:10     | Reached ***** piety under Vehumet
 12323 | D:10     | Noticed TotoDurand's ghost (journeyman VSFi)
 12357 | D:10     | Offered knowledge of Fireball by Vehumet.
 12364 | D:10     | Learned a level 5 spell: Fireball
 12522 | D:10     | Mangled by TotoDurand's ghost

Skill      XL: |  1  2  3  4  5  6  7  8  9 10 |
---------------+-------------------------------+-----
Spellcasting   | 4 5 6 7 8 10 12 14 | 14.1
Conjurations   | 5 6 7 8 9 11 12 | 12.4
Charms         | 1 3 5 7 9 |  9.6
Armour         | |  0.7
Dodging        | |  2.8
Stealth        | |  2.4

Action                   |  1- 3 |  4- 6 |  7- 9 | 10-12 || total
-------------------------+-------+-------+-------+-------++-------
Melee: Unarmed           |     1 |       |       |       ||     1
       Hand axe          |       |       |       |    27 ||    27
 Cast: Magic Dart        |    75 |   166 |   266 |   200 ||   707
       Iskenderun's Myst |       |     5 |    40 |    39 ||    84
       Iskenderun's Batt |       |       |    18 |    26 ||    44
  Use: Scroll            |       |       |     8 |     2 ||    10
  Eat: Chunk             |     1 |     9 |    14 |    11 ||    35
       Meat ration       |       |       |     1 |       ||     1
Armor: Robe              |     2 |     5 |    19 |     4 ||    30
       Ring mail         |       |       |       |    24 ||    24
Dodge: Dodged            |    18 |    14 |    58 |    42 ||   132
       Rpst.: Falchion   |       |     2 |    12 |       ||    14
